General information
- name: BNet
- type: Ladder 1vs1/FFA
- host: Battle.net
- saver: schmitty9800
map: TidewaterGlades
- players: 2
- length: 18:09
- speed: Fast
- version: 1.24 W3XP
- replay type: Public
» download(60 KB)
Players
team 1 (winner)

»
schmitty9800 (
orange | 104 APM | 1895 actions | 18:09)
5 Death Knight
2 Death Coil
2 Unholy Aura
1 Death Pact
4 Lich
2 Frost Nova
2 Dark Ritual
» actions
| Assign group hotkey | 59 | |
| Basic commands | 34 | |
| Build / train | 55 | |
| ESC pressed | 3 | |
| Enter build submenu | 12 | |
| Enter hero's abilities submenu | 11 | |
| Give item / drop item | 3 | |
| Right click | 832 | |
| Select / deselect | 365 | |
| Select group hotkey | 451 | |
| Use ability | 70 | |
1895 total
» units
| Acolyte | 3 | |
| Ghoul | 3 | |
| Crypt Fiend | 17 | |
| Obsidian Statue | 3 | |
| Abomination | 3 | |
29 total
» upgrades
| Creature Attack | 1 | |
| Burrow | 1 | |
| Destroyer Form | 1 | |
| Web | 2 | |
| Disease Cloud | 1 | |
| Creature Carapace | 1 | |
7 total
» buildings
| Crypt | 1 | |
| Graveyard | 1 | |
| Ziggurat | 5 | |
| Altar of Darkness | 1 | |
| Tomb of Relics | 1 | |
| Nerubian Tower | 1 | |
| Halls of the Dead | 1 | |
| Slaughterhouse | 1 | |
| Black Citadel | 1 | |
| Necropolis | 1 | |
14 total
» build order
00:07 Crypt
00:11 Graveyard
00:30 Ziggurat
01:02 Altar of Darkness
01:52 Ziggurat
02:06 Tomb of Relics
02:42 Nerubian Tower
03:51 Ziggurat
05:50 Halls of the Dead
08:02 Ziggurat
08:50 Slaughterhouse
08:52 Black Citadel
16:27 Necropolis
16:58 Ziggurat
» items
| Rod of Necromancy | 2 | |
| Dust of Appearance | 1 | |
| Orb of Corruption | 1 | |
| Scroll of Healing | 1 | |
5 total
team 2 (loser)
dWIGtfartschrut (
green | 60 APM | 1083 actions | 18:07)
2 Death Knight
1 Death Coil
1 Unholy Aura
5 Lich
3 Frost Nova
2 Frost Armor
» actions
| Assign group hotkey | 37 | |
| Basic commands | 184 | |
| Build / train | 54 | |
| ESC pressed | 8 | |
| Enter build submenu | 10 | |
| Enter hero's abilities submenu | 7 | |
| Give item / drop item | 2 | |
| Right click | 286 | |
| Select / deselect | 250 | |
| Select group hotkey | 169 | |
| Use ability | 76 | |
1083 total
» units
| Acolyte | 2 | |
| Ghoul | 2 | |
| Crypt Fiend | 17 | |
| Satyr Shadowdancer | 1 | |
| Furbolg Shaman | 1 | |
| Obsidian Statue | 4 | |
| Abomination | 3 | |
30 total
» upgrades
| Creature Attack | 1 | |
| Burrow | 1 | |
| Web | 1 | |
3 total
» buildings
| Graveyard | 1 | |
| Crypt | 1 | |
| Ziggurat | 5 | |
| Altar of Darkness | 1 | |
| Tomb of Relics | 1 | |
| Spirit Tower | 1 | |
| Halls of the Dead | 1 | |
| Slaughterhouse | 1 | |
| Black Citadel | 1 | |
| Nerubian Tower | 1 | |
14 total
» build order
00:08 Graveyard
00:13 Crypt
00:31 Ziggurat
00:55 Altar of Darkness
01:49 Ziggurat
02:20 Tomb of Relics
03:12 Spirit Tower
04:40 Ziggurat
06:10 Halls of the Dead
08:36 Ziggurat
08:37 Ziggurat
10:22 Slaughterhouse
10:55 Black Citadel
14:53 Nerubian Tower
» items
| Rod of Necromancy | 2 | |
| Boots of Speed | 1 | |
| Potion of Lesser Invulnerability | 3 | |
| Dust of Appearance | 1 | |
7 total
Chat log
(00:41 / All) dWIGtfartschrut: hey
(00:48 / All) schmitty9800: hi glhf
(01:04 / All) dWIGtfartschrut: why ppl say that
(01:16 / All) dWIGtfartschrut: and how come i always play good people
(01:22 / All) schmitty9800: mysteries
(01:27 / All) dWIGtfartschrut: gays
(03:30 / All) dWIGtfartschrut: gg